[Event "Titled Tuesday Blitz January 17 Early 2023"]
[White "Pultinevicius, Paulius"]
[Black "Gurevich, Dmitry"]
[WhiteFideId "12809390"]
[BlackFideId "2000407"]
[WhiteElo "2537"]
[BlackElo "2393"]
[Result "1-0"]
[Round "07"]
[TimeControl "180+2"]
[Date "2023.01.17"]
[WhiteClock "0:00:05"]
[BlackClock "0:00:02"]

1. d4 Nf6 2. Bf4 c5 3. e3 cxd4 4. exd4 g6 5. Nf3 Bg7 6. h3 O-O 7. Nbd2 d6 8. Be2 b6 9. O-O Bb7 10. c3 Ba6 11. Re1 Bxe2 12. Qxe2 Re8 13. a4 a6 14. Ng5 h6 15. Nge4 Nbd7 16. Nxf6+ Nxf6 17. Qc4 Qc8 18. Qb3 Qb7 19. Re2 Nd5 20. Bg3 Rab8 21. Rae1 Kf8 22. Nc4 Qc6 23. Ne3 Nxe3 24. Rxe3 b5 25. a5 Qc4 26. Qc2 b4 27. Qe4 Bf6 28. Rf3 Kg7 29. Bf4 bxc3 30. bxc3 Rb5 31. Bxd6 Qd5 32. Qxd5 Rxd5 33. Bb4 e5 34. Rfe3 Re6 35. dxe5 Rexe5 36. Kf1 Rxe3 37. Rxe3 Bd8 38. c4 Rd1+ 39. Re1 Rd3 40. Re3 Rd1+ 41. Ke2 Rb1 42. Bc3+ Bf6 43. Bxf6+ Kxf6 44. Rd3 Rb2+ 45. Ke3 Rb4 46. Rd6+ Ke5 47. Rd5+ Ke6 48. Kd4 Ra4 49. f4 h5 50. g4 h4 51. f5+ gxf5 52. gxf5+ Kf6 53. Rd6+ Kg5 54. Rxa6 Kf4 55. f6 Kg3 56. Ra7 Kxh3 57. Rxf7 Kg4 58. Rg7+ Kh5 59. f7 Rxa5 60. f8=Q 1-0


[Site "https://www.chess.com"]

[Event "Titled Tuesday Blitz January 17 Early 2023"]
[White "Paravyan, David"]
[Black "Wagner, Dennis"]
[WhiteFideId "4194985"]
[BlackFideId "24650684"]
[WhiteElo "2601"]
[BlackElo "2595"]
[Result "1-0"]
[Round "07"]
[TimeControl "180+2"]
[Date "2023.01.17"]
[WhiteClock "0:00:28"]
[BlackClock "0:00:01"]

1. d4 Nf6 2. c4 e6 3. Nf3 d5 4. Nc3 Be7 5. Bf4 O-O 6. e3 Nbd7 7. c5 Ne4 8. h4 c6 9. Nxe4 dxe4 10. Ng5 e5 11. dxe5 Qa5+ 12. Qd2 Qxd2+ 13. Kxd2 Nxc5 14. b4 Rd8+ 15. Kc3 Nd3 16. Nxe4 Bxb4+ 17. Kc2 Nxf2 18. Nxf2 Rd2+ 19. Kb3 a5 20. a3 Be6+ 21. Bc4 Bxc4+ 22. Kxc4 b5+ 23. Kb3 Be7 24. Ne4 Rxg2 25. Bg5 a4+ 26. Kc3 Bf8 27. Nd6 Rb8 28. Bf4 Rd8 29. Rhd1 f6 30. e6 Be7 31. Nf5 1-0


[Site "https://www.chess.com"]

[Event "Titled Tuesday Blitz January 17 Early 2023"]
[White "Hambleton, Aman"]
[Black "Sadhwani, Raunak"]
[WhiteFideId "2606577"]
[BlackFideId "35093487"]
[WhiteElo "2420"]
[BlackElo "2627"]
[Result "0-1"]
[Round "07"]
[TimeControl "180+2"]
[Date "2023.01.17"]
[WhiteClock "0:00:04"]
[BlackClock "0:00:49"]

1. d4 Nf6 2. Bf4 b6 3. e3 Bb7 4. h3 d6 5. Nf3 Nbd7 6. Be2 g6 7. c4 Bg7 8. Nc3 O-O 9. O-O Re8 10. Bh2 e5 11. a4 exd4 12. Nxd4 Ne4 13. Nxe4 Bxe4 14. Bf3 a5 15. Bxe4 Rxe4 16. Qc2 Re8 17. Rad1 Nc5 18. b3 Qd7 19. Ne2 h5 20. Nf4 Ne4 21. Nd5 Nf6 22. Bf4 Re6 23. Nxf6+ Bxf6 24. Rd5 Rae8 25. Rfd1 Qe7 26. Qe2 Be5 27. Bxe5 Rxe5 28. Qd3 Re6 29. Qd4 Re4 30. Qd3 Qf6 31. Rd4 R4e5 32. Rf4 Qe6 33. h4 f5 34. Rd4 Qf6 35. g3 Kg7 36. Kg2 R8e7 37. Qe2 Kh6 38. Qf3 Re4 39. R1d2 Kg7 40. Rd1 Rg4 41. R1d2 Qxh4 42. Rf4 Qf6 43. Qd5 Rxf4 44. exf4 Qe6 45. Qc6 Qe4+ 46. Qxe4 Rxe4 47. Kf3 Kf6 48. Rd1 Ke6 49. Rc1 Kd7 50. Rd1 Kc6 51. Rd5 Re1 52. Rd3 Kc5 53. Kg2 Kb4 54. Kh3 Rh1+ 55. Kg2 Rb1 56. Re3 Rxb3 57. Re6 Kxa4 58. Rxg6 Kb4 0-1


[Site "https://www.chess.com"]

[Event "Titled Tuesday Blitz January 17 Early 2023"]
[White "Tan, Zhongyi"]
[Black "Narayanan.S.L"]
[WhiteFideId "8603642"]
[BlackFideId "5058422"]
[WhiteElo "2517"]
[BlackElo "2660"]
[Result "0-1"]
[Round "07"]
[TimeControl "180+2"]
[Date "2023.01.17"]
[WhiteClock "0:00:03"]
[BlackClock "0:01:43"]

1. d4 d5 2. Bf4 g6 3. e3 Bg7 4. Nd2 Nf6 5. c3 O-O 6. Bd3 c5 7. h4 Nc6 8. h5 cxd4 9. cxd4 Ng4 10. Ngf3 e5 11. dxe5 Ngxe5 12. Nxe5 Nxe5 13. Be2 d4 14. Bxe5 Bxe5 15. Nf3 Qa5+ 16. b4 Qxb4+ 17. Kf1 Bf6 18. hxg6 hxg6 19. exd4 Bg4 20. Rb1 Qd6 21. Rxb7 Rab8 22. Rb3 Rxb3 23. axb3 Rd8 24. Qd2 Bxf3 25. gxf3 Bxd4 26. Qh6 Bg7 27. Qg5 Qd2 28. Qxd2 Rxd2 29. Bc4 Bd4 30. Rh2 Kg7 31. Kg2 f5 32. Kg3 Be5+ 33. f4 Bd6 34. Kf3 Rd4 35. Rg2 Rxf4+ 36. Ke2 Re4+ 37. Kd3 Kf6 38. f3 Rf4 39. Bd5 Be5 40. Kc2 Rd4 41. Rd2 Rh4 42. Ba8 Bd4 43. Re2 g5 44. Re8 Bc5 45. Rg8 Rd4 46. Kc3 Rd7 47. Kc4 Bb6 48. b4 Be3 49. b5 Ke5 50. Re8+ Kf4 51. Rf8 Rd4+ 52. Kb3 Rd3+ 53. Kc4 Rd4+ 54. Kb3 Bf2 55. Be4 Rxe4 56. fxe4 Kxe4 57. Kc4 g4 58. Re8+ Kf3 59. Kd3 g3 60. Rf8 f4 61. Rg8 g2 62. Rxg2 Kxg2 0-1


[Site "https://www.chess.com"]

[Event "Titled Tuesday Blitz January 17 Early 2023"]
[White "Tristan, Leonardo"]
[Black "Narayanan, Srinath"]
[WhiteFideId "113816"]
[BlackFideId "5018420"]
[WhiteElo "2545"]
[BlackElo "2559"]
[Result "0-1"]
[Round "07"]
[TimeControl "180+2"]
[Date "2023.01.17"]
[WhiteClock "0:00:01"]
[BlackClock "0:00:05"]

1. d4 d5 2. Nf3 Nf6 3. Bf4 c5 4. e3 Nc6 5. Nbd2 Bg4 6. c3 e6 7. Qb3 Qc8 8. h3 Bh5 9. Nh4 cxd4 10. cxd4 Qd7 11. g4 Bg6 12. Nxg6 hxg6 13. Bg2 Bd6 14. Bxd6 Qxd6 15. Qxb7 Rb8 16. Nc4 Qb4+ 17. Qxb4 Nxb4 18. Na3 Nd3+ 19. Ke2 Nxb2 20. Rhc1 Kd7 21. Rc5 Rb7 22. Rac1 Rhb8 23. g5 Ne8 24. e4 dxe4 25. Bxe4 Rb4 26. Ra5 Rxd4 27. Rxa7+ Kd8 28. Bc6 Nd3 29. Rc4 Rxc4 30. Nxc4 Nb4 31. Bxe8 Kxe8 32. Nd6+ Kf8 33. Rxf7+ Kg8 34. Ra7 Nd5 35. a4 Rb3 36. h4 Nf4+ 37. Ke1 Rd3 38. Ne8 Ng2+ 39. Kf1 Nxh4 40. Nxg7 e5 41. Ne8 e4 42. Nf6+ Kf8 43. Nxe4 Rd4 44. Nf6 Nf3 45. Nh7+ Kg8 46. a5 Ra4 47. a6 Ra2 48. Nf6+ Kf8 49. Nd7+ Kg8 50. Nc5 Nxg5 51. Rb7 Ra1+ 52. Kg2 Ne6 53. Nxe6 Rxa6 54. Nf4 g5 55. Nh3 Rg6 56. Kg3 Kf8 57. Rb5 g4 58. Nf4 Ra6 59. Rg5 Kf7 60. Rxg4 Ra2 61. f3 Kf6 62. Rh4 Kf5 63. Rh5+ Kf6 64. Rc5 Ra3 0-1


[Site "https://www.chess.com"]

[Event "Titled Tuesday Blitz January 17 Early 2023"]
[White "Timofeev, Artyom"]
[Black "Boyer, Mahel"]
[WhiteFideId "4140419"]
[BlackFideId "45102422"]
[WhiteElo "2567"]
[BlackElo "2489"]
[Result "1-0"]
[Round "07"]
[TimeControl "180+2"]
[Date "2023.01.17"]
[WhiteClock "0:00:13"]
[BlackClock "0:00:01"]

1. e4 Nc6 2. Nf3 d5 3. exd5 Qxd5 4. Be2 Bg4 5. h3 Bh5 6. Nc3 Qd7 7. O-O O-O-O 8. d3 e5 9. Nxe5 Bxe2 10. Qxe2 Nxe5 11. Qxe5 Ne7 12. Qb5 Nc6 13. Be3 Bd6 14. Ne4 Rhe8 15. Nxd6+ Qxd6 16. Qf5+ Qe6 17. Qxe6+ Rxe6 18. a3 Nd4 19. Bxd4 Rxd4 20. Rfe1 Rdd6 21. Rxe6 Rxe6 22. Kf1 Kd7 23. Re1 Rb6 24. b3 Rc6 25. Re2 a5 26. Ke1 a4 27. bxa4 Rc3 28. Kd2 Rxa3 29. Re4 f5 30. Rf4 Ke6 31. Rc4 Kd6 32. g4 fxg4 33. hxg4 Ra1 34. Ke3 g5 35. Ke4 Rf1 36. f3 h6 37. a5 Ra1 38. Kf5 Rxa5+ 39. Kg6 b5 40. Rd4+ Kc5 41. Re4 Ra2 42. Re2 b4 43. Kxh6 b3 44. Re1 bxc2 45. Kxg5 Kd4 46. f4 Rb2 47. Rc1 Kxd3 48. f5 Kd2 49. Rh1 c1=Q 50. Rxc1 Kxc1 51. Kf6 Rb6+ 52. Kf7 Rb5 53. Kg6 c5 54. f6 c4 55. f7 c3 56. f8=Q Rb6+ 57. Kh5 c2 58. Qf4+ Kb1 59. Qe4 Rb5+ 60. g5 Rc5 61. Qb4+ 1-0


[Site "https://www.chess.com"]

[Event "Titled Tuesday Blitz January 17 Early 2023"]
[White "Agasarov, Benik"]
[Black "Gholami Orimi, Mahdi"]
[WhiteFideId "13314823"]
[BlackFideId "12558486"]
[WhiteElo "2235"]
[BlackElo "2420"]
[Result "0-1"]
[Round "07"]
[TimeControl "180+2"]
[Date "2023.01.17"]
[WhiteClock "0:00:01"]
[BlackClock "0:00:09"]

1. e4 c5 2. Nc3 Nc6 3. Bb5 g6 4. Bxc6 dxc6 5. d3 Bg7 6. Be3 b6 7. Qd2 e5 8. Nge2 Be6 9. O-O Nf6 10. h3 O-O 11. f4 exf4 12. Nxf4 Qd7 13. Nxe6 Qxe6 14. Bh6 c4 15. Bxg7 Kxg7 16. Rae1 cxd3 17. cxd3 Rad8 18. Rf3 Qe5 19. Ref1 Ng8 20. Kh1 Ne7 21. Qf2 f5 22. Qh4 h6 23. Re1 g5 24. exf5 Qf6 25. Qf2 Ng8 26. Re6 Qd4 27. Qe2 Nf6 28. Re7+ Kh8 29. Rfe3 Qf4 30. R3e5 g4 31. Qe3 Qxe3 32. Rxe3 b5 33. Ne4 Nd5 34. Nc5 Nxe3 35. Rxe3 Rxf5 36. Ne6 Re8 0-1


[Site "https://www.chess.com"]

[Event "Titled Tuesday Blitz January 17 Early 2023"]
[White "Remizov, Yaroslav"]
[Black "Bocharov, Dmitry"]
[WhiteFideId "34134015"]
[BlackFideId "4138716"]
[WhiteElo "2421"]
[BlackElo "2516"]
[Result "0-1"]
[Round "07"]
[TimeControl "180+2"]
[Date "2023.01.17"]
[WhiteClock "0:00:05"]
[BlackClock "0:01:14"]

1. e4 c5 2. Nf3 d6 3. d4 cxd4 4. Nxd4 Nf6 5. Nc3 a6 6. f3 e5 7. Nb3 Be7 8. Be3 Be6 9. Qd2 h5 10. Nd5 Nxd5 11. exd5 Bf5 12. c4 O-O 13. Be2 Nd7 14. O-O a5 15. Rac1 Bg6 16. a4 h4 17. f4 exf4 18. Bxf4 Re8 19. Kh1 Bf6 20. Bxd6 Qb6 21. Nxa5 Qxd6 22. b4 h3 23. gxh3 Rxe2 24. Qxe2 Qxb4 25. h4 Nc5 26. h5 Be4+ 27. Kg1 Bd4+ 28. Rf2 Rxa5 29. h6 Ra6 30. hxg7 Rg6+ 31. Kf1 Bd3 0-1


[Site "https://www.chess.com"]

[Event "Titled Tuesday Blitz January 17 Early 2023"]
[White "Mitrabha, Guha"]
[Black "Demin, Vladimir"]
[WhiteFideId "5057000"]
[BlackFideId "4167457"]
[WhiteElo "2507"]
[BlackElo "2430"]
[Result "1-0"]
[Round "07"]
[TimeControl "180+2"]
[Date "2023.01.17"]
[WhiteClock "0:00:12"]
[BlackClock "0:00:11"]

1. c4 e6 2. Nc3 d5 3. d4 Nf6 4. Bg5 Be7 5. cxd5 exd5 6. e3 O-O 7. Bd3 c6 8. Qc2 Nbd7 9. Nf3 h6 10. Bh4 Re8 11. O-O Ne4 12. Bxe4 Bxh4 13. Bh7+ Kh8 14. Bf5 Be7 15. Rab1 a5 16. a3 Bd6 17. b4 axb4 18. axb4 b5 19. e4 Nb6 20. exd5 Nxd5 21. Nxd5 cxd5 22. g3 Qf6 23. Bxc8 Raxc8 24. Qd3 Rc4 25. Kg2 Rec8 26. Rb3 Bxb4 27. Rfb1 Bc3 28. Rxb5 Bxd4 29. Rxd5 Bxf2 30. Kxf2 Rc2+ 31. Kg1 R2c3 32. Qf5 Qa6 33. Rbd1 Qb6+ 34. Kg2 Rc2+ 35. Kh3 Rf8 36. Qxc2 1-0


[Site "https://www.chess.com"]

[Event "Titled Tuesday Blitz January 17 Early 2023"]
[White "Movahed, Sina"]
[Black "Subelj, Jan"]
[WhiteFideId "42520835"]
[BlackFideId "14618583"]
[WhiteElo "2340"]
[BlackElo "2513"]
[Result "1-0"]
[Round "07"]
[TimeControl "180+2"]
[Date "2023.01.17"]
[WhiteClock "0:00:44"]
[BlackClock "0:00:03"]

1. e4 Nc6 2. d4 d5 3. e5 Bf5 4. c3 e6 5. f4 f6 6. Nf3 h5 7. Bd3 Nh6 8. O-O Be7 9. Nh4 Bxd3 10. Qxd3 fxe5 11. Ng6 e4 12. Qh3 Kd7 13. f5 Re8 14. fxe6+ Kc8 15. Qxh5 b6 16. Nf4 Bg5 17. e7 Bxe7 18. Ne6 Qd7 19. Nxg7 Rg8 20. Bxh6 Bf8 21. Nf5 Bxh6 22. Nxh6 Rh8 23. Qg4 Rxh6 24. Rf8+ Nd8 25. Rxd8+ Kxd8 26. Qg5+ Kc8 27. Qxh6 Kb7 28. Nd2 Rg8 29. Qe3 Qg4 30. g3 a5 31. Rf1 a4 32. c4 Rh8 33. cxd5 Qh5 34. Rf2 Qd1+ 35. Kg2 Qh5 36. h4 Re8 37. d6 cxd6 38. Nxe4 Qd5 39. Re2 Ka7 40. Qf3 Qxa2 41. Nc3 Rxe2+ 42. Qxe2 Qb3 43. Nb5+ Kb7 44. Nxd6+ Kc6 45. Nc4 Kd5 46. Na3 Kxd4 47. Nb5+ Kc5 48. Nc3 b5 49. Qe5+ Kc4 50. Qd5+ Kb4 51. Qxb5# 1-0


[Site "https://www.chess.com"]

[Event "Titled Tuesday Blitz January 17 Early 2023"]
[White "Moroni, Luca Jr"]
[Black "Piesik, Piotr"]
[WhiteFideId "865834"]
[BlackFideId "1136194"]
[WhiteElo "2535"]
[BlackElo "2426"]
[Result "1-0"]
[Round "07"]
[TimeControl "180+2"]
[Date "2023.01.17"]
[WhiteClock "0:01:47"]
[BlackClock "0:01:25"]

1. d4 c5 2. d5 e5 3. Nc3 d6 4. e4 Be7 5. Nf3 a6 6. a4 Bg4 7. h3 Bxf3 8. Qxf3 Bg5 9. Bxg5 Qxg5 10. h4 Qf6 11. Qe3 Ne7 12. g3 h6 13. Bh3 Nd7 14. a5 g5 15. hxg5 hxg5 16. O-O-O O-O-O 17. Na4 Kb8 18. Bxd7 Rxd7 19. Rxh8+ Qxh8 20. Qxg5 Nc8 21. Qf5 Re7 22. Qf3 Qh6+ 23. Kb1 Qg6 24. b3 Re8 25. Rh1 Na7 26. Nb6 Nb5 27. Kb2 Nd4 28. Qd3 Qg7 29. c3 Nb5 30. Qf3 Qg6 31. Rh4 Rg8 32. Qh5 Qf6 33. Nd7+ 1-0


[Site "https://www.chess.com"]

[Event "Titled Tuesday Blitz January 17 Early 2023"]
[White "Kleiman, Jake"]
[Black "Galchenko, Matvey"]
[WhiteFideId "2020041"]
[BlackFideId "24175480"]
[WhiteElo "2399"]
[BlackElo "2438"]
[Result "0-1"]
[Round "07"]
[TimeControl "180+2"]
[Date "2023.01.17"]
[WhiteClock "0:00:03"]
[BlackClock "0:00:02"]

1. e4 e6 2. d4 d5 3. Nd2 a6 4. Ngf3 Nf6 5. e5 Nfd7 6. c3 c5 7. Bd3 Nc6 8. O-O g5 9. dxc5 g4 10. Nd4 Ndxe5 11. N2b3 Nxd3 12. Qxd3 e5 13. Nxc6 bxc6 14. Re1 Bg7 15. f4 gxf3 16. Qxf3 O-O 17. Qg3 Qf6 18. Bg5 Qg6 19. Be7 Qxg3 20. hxg3 Re8 21. Bd6 a5 22. a4 Bf5 23. Bc7 d4 24. cxd4 exd4 25. Bxa5 Be6 26. Ra3 Bf8 27. Bb6 d3 28. Nd2 Bh6 29. Rxd3 Rxa4 30. Ne4 Bg7 31. Nd6 Rea8 32. b3 Rb4 33. Rf3 Bd5 34. Rd3 Rxb3 35. Rxb3 Bxb3 36. Re7 Bd5 37. Kh2 Bf6 38. Re2 Ra3 39. Nf5 h5 40. Re8+ Kh7 41. Re2 Kg6 42. Nh4+ Kg5 43. Rf2 Bd4 44. Rf5+ Kh6 45. Nf3 Bg7 46. Rf4 Ra2 47. Kh3 Be6+ 48. Kh2 Bd5 49. Rf5 Bf8 50. Rf4 Kg6 51. Ne5+ Kg7 52. Nf3 Rc2 53. Kh3 Be7 54. Rf5 Be6 55. Nd4 Rd2 0-1


[Site "https://www.chess.com"]

[Event "Titled Tuesday Blitz January 17 Early 2023"]
[White "Samunenkov, Ihor"]
[Black "Szpar, Milosz"]
[WhiteFideId "14187086"]
[BlackFideId "1184989"]
[WhiteElo "2501"]
[BlackElo "2447"]
[Result "0-1"]
[Round "07"]
[TimeControl "180+2"]
[Date "2023.01.17"]
[WhiteClock "0:00:02"]
[BlackClock "0:00:01"]

1. e4 e6 2. d4 d5 3. Nd2 Be7 4. Bd3 c5 5. dxc5 Nf6 6. Qe2 a5 7. Ngf3 Na6 8. O-O Nxc5 9. Bb5+ Bd7 10. exd5 Nxd5 11. Ne5 O-O 12. Nxd7 Nxd7 13. Nf3 N7f6 14. c4 Nc7 15. Ba4 Na6 16. Rd1 Qc7 17. Bg5 Nc5 18. Bb5 Rad8 19. Rxd8 Rxd8 20. Rd1 Rxd1+ 21. Qxd1 h6 22. Bc1 Nce4 23. Qe2 Bc5 24. Be3 Ng4 25. Bxc5 Qxc5 26. Kf1 Ngxf2 27. Ba4 Ng4 28. Ke1 Ne3 29. Bb5 g5 30. a3 f5 31. Nd2 Qd4 32. Nf3 Qc5 33. Nd2 Nxd2 34. Qxd2 f4 35. Qd8+ Kf7 36. Be8+ Kg7 37. Qd7+ Kf6 38. Qf7+ Ke5 39. Qg7+ Ke4 40. Bg6+ Nf5 41. Bxf5+ Kxf5 42. Qf7+ Ke5 43. Qg7+ Kd6 44. Qf8+ Kc6 45. Qe8+ Kc7 46. Qxe6 Qg1+ 47. Kd2 Qxg2+ 48. Kc1 Qg1+ 49. Kc2 Qxh2+ 50. Kb1 Qg1+ 51. Ka2 Qc5 52. Qxh6 Qxc4+ 53. Ka1 Qc5 54. Qg7+ Kb6 55. Qg6+ Ka7 56. Qf7 Qc1+ 57. Ka2 g4 58. Qd5 Qc7 59. Qd4+ b6 60. Qf6 f3 61. Qg6 f2 62. Qf5 g3 0-1


[Site "https://www.chess.com"]

[Event "Titled Tuesday Blitz January 17 Early 2023"]
[White "Krzyzanowski, Marcin"]
[Black "Leiva, Gianmarco"]
[WhiteFideId "1132199"]
[BlackFideId "3804399"]
[WhiteElo "2512"]
[BlackElo "2392"]
[Result "1-0"]
[Round "07"]
[TimeControl "180+2"]
[Date "2023.01.17"]
[WhiteClock "0:00:15"]
[BlackClock "0:00:02"]

1. Nf3 d5 2. c4 d4 3. e3 Nc6 4. exd4 Nxd4 5. Nxd4 Qxd4 6. Nc3 Nf6 7. d3 e5 8. Be3 Qd8 9. Be2 c6 10. O-O Bd6 11. h3 O-O 12. d4 Re8 13. dxe5 Bxe5 14. Qxd8 Rxd8 15. Na4 Bf5 16. Rac1 b6 17. b4 h6 18. Rfd1 Be6 19. Bf3 Rxd1+ 20. Bxd1 b5 21. cxb5 cxb5 22. Bf3 Bd5 23. Bxd5 Nxd5 24. Rc5 Nxe3 25. Rxe5 Nxg2 26. Kxg2 bxa4 27. Ra5 Rb8 28. Rxa4 Rb6 29. a3 a6 30. Ra5 Kh7 31. Rc5 g5 32. Kf3 Kg6 33. Rc4 Kh5 34. a4 f5 35. a5 Rb5 36. Kg3 f4+ 37. Kf3 Kh4 38. Rc6 h5 39. Rb6 Rd5 40. Rxa6 Kxh3 41. Rh6 g4+ 42. Ke4 Rb5 43. Rb6 g3 44. fxg3 Rxb6 45. axb6 fxg3 46. b7 g2 47. b8=Q g1=Q 48. b5 Qb1+ 49. Kd4 Qg1+ 50. Kc4 Qg4+ 51. Kc5 Qg3 52. Qxg3+ Kxg3 53. b6 h4 54. b7 h3 55. b8=Q+ Kg2 56. Qb7+ Kg1 57. Qb1+ Kg2 58. Qc2+ Kg1 59. Qd1+ Kg2 60. Qg4+ Kh2 61. Kd4 1-0


[Site "https://www.chess.com"]

[Event "Titled Tuesday Blitz January 17 Early 2023"]
[White "Harsh Suresh"]
[Black "Skatchkov, Valery"]
[WhiteFideId "45018464"]
[BlackFideId "24195812"]
[WhiteElo "2298"]
[BlackElo "2167"]
[Result "1-0"]
[Round "07"]
[TimeControl "180+2"]
[Date "2023.01.17"]
[WhiteClock "0:00:05"]
[BlackClock "0:01:27"]

1. e4 e5 2. Nf3 d5 3. d3 dxe4 4. dxe4 Qxd1+ 5. Kxd1 Nc6 6. c3 f5 7. Bb5 Bd7 8. exf5 O-O-O 9. Ke2 e4 10. Bxc6 exf3+ 11. Bxf3 Bb5+ 12. Ke1 Ne7 13. g4 Nc6 14. Bf4 Bc5 15. Nd2 Rhe8+ 16. Kd1 Bxf2 17. a4 Bd3 18. b4 Ne5 19. Bxe5 Rxe5 20. Kc1 Be3 21. Rd1 g6 22. Kb2 gxf5 23. gxf5 Rxf5 24. Bg4 Rf8 25. Nf1 Be2 26. Bxf5+ Rxf5 27. Nxe3 Rf3 28. Nc2 Bxd1 29. Rxd1 Rf2 30. Rh1 c6 31. h4 Kd7 32. Kb3 Ke6 33. Rg1 Rh2 34. Nd4+ Kf6 35. Rf1+ Ke7 36. Rf4 b6 37. Rg4 Rh3 38. Rg7+ Kd6 39. Rxh7 c5 40. Nb5+ Kd5 41. Rh5+ Ke4 42. Nxa7 Kd3 43. bxc5 bxc5 44. Rd5+ Ke4 45. Rxc5 Ke3 46. Rc4 Rh1 47. Nb5 Rb1+ 48. Ka2 Rh1 49. Rd4 Rh2+ 50. Kb3 Rh1 51. Na3 Rb1+ 52. Nxb1 1-0


[Site "https://www.chess.com"]

[Event "Titled Tuesday Blitz January 17 Early 2023"]
[White "Seo, Jung Min"]
[Black "Trent, Lawrence"]
[WhiteFideId "1734687"]
[BlackFideId "408638"]
[WhiteElo "2494"]
[BlackElo "2403"]
[Result "1-0"]
[Round "07"]
[TimeControl "180+2"]
[Date "2023.01.17"]
[WhiteClock "0:00:39"]
[BlackClock "0:00:03"]

1. e4 c5 2. Nf3 d6 3. d4 cxd4 4. Nxd4 Nf6 5. Nc3 g6 6. Be3 a6 7. f3 b5 8. Qd2 Bg7 9. g4 O-O 10. O-O-O Bb7 11. h4 h5 12. g5 Nfd7 13. Kb1 Nc5 14. Bd3 Nbd7 15. Rhe1 Ne5 16. f4 Nc4 17. Bxc4 bxc4 18. Bf2 Qc8 19. Qe2 Rb8 20. Qxc4 Qh3 21. Ka1 Rfc8 22. Qe2 Ba8 23. Rh1 Qd7 24. Rhe1 Qb7 25. Rb1 Qb4 26. Red1 Ne6 27. Qd2 Rc4 28. Nce2 Bxe4 29. Qxb4 Rcxb4 30. Rd2 Nc5 31. Nc3 Ba8 32. Be3 Rc4 33. Re1 Ne6 34. Nxe6 fxe6 35. Nd1 Be4 36. c3 e5 37. fxe5 Bxe5 38. Bd4 Bxd4 39. Rxe4 e6 40. Rexd4 1-0


[Site "https://www.chess.com"]

[Event "Titled Tuesday Blitz January 17 Early 2023"]
[White "Bacrot, Etienne"]
[Black "Maksimenko, Viktor"]
[WhiteFideId "605506"]
[BlackFideId "13710478"]
[WhiteElo "2667"]
[BlackElo "2196"]
[Result "1/2-1/2"]
[Round "07"]
[TimeControl "180+2"]
[Date "2023.01.17"]
[WhiteClock "0:00:10"]
[BlackClock "0:00:10"]

1. e4 e5 2. Nf3 Nc6 3. Bb5 a6 4. Ba4 Nf6 5. d3 b5 6. Bb3 Bc5 7. Nc3 d6 8. a3 Rb8 9. h3 h6 10. Be3 Bxe3 11. fxe3 O-O 12. Qd2 Be6 13. Bxe6 fxe6 14. O-O Qe7 15. Ne2 Rf7 16. Ng3 Rbf8 17. Rf2 Nh7 18. Raf1 Nd8 19. d4 exd4 20. exd4 Ng5 21. Nxg5 Rxf2 22. Rxf2 Rxf2 23. Kxf2 hxg5 24. Nf1 Qf6+ 25. Kg1 Nc6 26. c3 Na5 27. Ne3 Qf4 28. Qd3 Nb3 29. e5 Nc1 30. Qd2 Nb3 31. Qd3 Nc1 32. Qd2 Nb3 33. Qf2 dxe5 34. dxe5 Qxe5 35. Ng4 Qf4 36. Qe2 Nc5 37. Ne5 Qc1+ 38. Kh2 Qf4+ 39. Kg1 Ne4 40. Nd3 Qf5 41. Qe3 c5 42. Ne1 Qf4 43. Qe2 c4 44. Nf3 e5 45. Qe1 g4 46. hxg4 Qxg4 47. Nxe5 Qf4 48. Nf3 g5 49. Nd4 g4 50. Ne6 Qe5 51. Nd4 Qf4 52. Ne6 Qe5 53. Nd4 Qf4 1/2-1/2


[Site "https://www.chess.com"]

[Event "Titled Tuesday Blitz January 17 Early 2023"]
[White "Saravana, Krishnan P."]
[Black "Urazayev, Arystanbek"]
[WhiteFideId "5018382"]
[BlackFideId "13709810"]
[WhiteElo "2284"]
[BlackElo "2460"]
[Result "0-1"]
[Round "07"]
[TimeControl "180+2"]
[Date "2023.01.17"]
[WhiteClock "0:00:17"]
[BlackClock "0:01:34"]

1. e4 c5 2. Nf3 e6 3. c3 d5 4. exd5 exd5 5. d4 Nc6 6. Bb5 Bd6 7. O-O Ne7 8. dxc5 Bxc5 9. Nbd2 O-O 10. Nb3 Bb6 11. h3 Nf5 12. Bf4 Qf6 13. Bd3 h6 14. Re1 Nh4 15. Nxh4 Qxf4 16. Nf3 Bxh3 17. gxh3 Qg3+ 18. Kh1 Qxh3+ 19. Kg1 Rae8 20. Rxe8 Rxe8 21. Bf1 Qg3+ 22. Kh1 Qxf2 23. Bg2 Re5 24. Qf1 Rh5+ 25. Bh3 Qg3 0-1


[Site "https://www.chess.com"]

[Event "Titled Tuesday Blitz January 17 Early 2023"]
[White "Van Foreest, Lucas"]
[Black "Janaszak, Dawid"]
[WhiteFideId "1039792"]
[BlackFideId "1119206"]
[WhiteElo "2556"]
[BlackElo "2316"]
[Result "0-1"]
[Round "07"]
[TimeControl "180+2"]
[Date "2023.01.17"]
[WhiteClock "0:00:42"]
[BlackClock "0:00:03"]

1. g4 e5 2. Bg2 h5 3. gxh5 Qh4 4. d4 Qg4 5. Kf1 Qxd4 6. Qxd4 exd4 7. Nf3 Nc6 8. Bf4 d6 9. Nbd2 Rxh5 10. Nb3 Bh3 11. Nfxd4 Bxg2+ 12. Kxg2 Nf6 13. Bg3 O-O-O 14. Nxc6 bxc6 15. Rad1 g6 16. Rd4 c5 17. Ra4 Kb8 18. Rd1 Rd5 19. Rd3 Rxd3 20. cxd3 Re8 21. Na5 Rxe2 22. Nc6+ Kc8 23. Rxa7 Bg7 24. b4 cxb4 25. Nxb4 Nh5 26. Nd5 Rc2 27. a4 Nxg3 28. hxg3 Bd4 29. Ra8+ Kb7 30. Rf8 Rxf2+ 31. Kh3 Rf5 32. Nf4 Bb6 33. Kg4 Kc6 34. Ne2 Kd7 35. Nc3 Ke7 36. Rb8 Ra5 37. Kf3 Kf6 38. Ke4 Kg7 39. d4 Rg5 40. Ne2 Ra5 41. Nc3 Rg5 42. Kf4 Rh5 43. Nb5 Rh1 44. Nxd6 Bxd4 45. Ne8+ Kh6 46. Nxc7 Rf1+ 47. Ke4 Bf6 48. Nd5 Re1+ 49. Kf3 Be5 50. Re8 Bc3 51. Rf8 Kg7 52. Rc8 Bd4 53. Rd8 Ra1 54. Ra8 Ra3+ 55. Ke4 Bc5 56. g4 Rg3 57. Kf4 Bd6+ 58. Kg5 Be5 59. Ra7 Kg8 60. a5 Rd3 61. Rd7 Rd4 62. a6 Ra4 63. a7 Kg7 64. Nb6 Bf6# 0-1


[Site "https://www.chess.com"]

[Event "Titled Tuesday Blitz January 17 Early 2023"]
[White "Flores Quillas, Diego Saul Rodri"]
[Black "Rakhmanov, Aleksandr"]
[WhiteFideId "3822508"]
[BlackFideId "4173708"]
[WhiteElo "2359"]
[BlackElo "2632"]
[Result "1/2-1/2"]
[Round "07"]
[TimeControl "180+2"]
[Date "2023.01.17"]
[WhiteClock "0:00:07"]
[BlackClock "0:00:28"]

1. e4 c5 2. Nf3 Nf6 3. e5 Nd5 4. Nc3 Nxc3 5. dxc3 Nc6 6. Bf4 Qb6 7. b3 Qc7 8. Qd2 e6 9. h4 h6 10. h5 b6 11. O-O-O a6 12. Bd3 b5 13. Be4 Bb7 14. g4 c4 15. Kb1 Ne7 16. Qe2 Rc8 17. g5 hxg5 18. Nxg5 a5 19. Qf3 Bxe4 20. Nxe4 Nf5 21. h6 b4 22. hxg7 Bxg7 23. Nf6+ Bxf6 24. exf6 Rxh1 25. Bxc7 Rxd1+ 26. Qxd1 Rxc7 27. Qg4 Kf8 28. cxb4 axb4 29. bxc4 d6 30. Kb2 Ra7 31. Qf4 Ra5 32. Qh2 Kg8 33. Qg2+ Kh7 34. Qb7 Kg6 35. Qxb4 Rc5 36. a4 Nd4 37. Qb6 Nc6 38. Qc7 Ne5 39. Qd8 Nxc4+ 40. Kb3 Na5+ 41. Kb2 Nc4+ 42. Kb3 Na5+ 43. Kb2 Nc4+ 1/2-1/2


[Site "https://www.chess.com"]

[Event "Titled Tuesday Blitz January 17 Early 2023"]
[White "Renjith, Sravan"]
[Black "Arjun, Kalyan"]
[WhiteFideId "4306783"]
[BlackFideId "35018701"]
[WhiteElo "2172"]
[BlackElo "2516"]
[Result "0-1"]
[Round "07"]
[TimeControl "180+2"]
[Date "2023.01.17"]
[WhiteClock "0:02:27"]
[BlackClock "0:02:37"]

1. d4 Nf6 2. c4 e6 3. Nf3 d5 4. g3 Bb4+ 5. Bd2 Be7 6. Bg2 O-O 7. O-O Nbd7 8. cxd5 exd5 9. Nc3 c6 10. a3 Re8 11. b4 Ne4 12. Bf4 Nxc3 13. Qc2 Ne4 14. Nd2 Nxd2 15. Qxd2 Nf6 16. Qc2 Bd6 17. b5 Bxf4 18. gxf4 cxb5 19. e3 h5 20. Rac1 h4 21. h3 Bd7 22. Kh2 Rc8 23. Qd3 Rc4 24. Rb1 Qc8 25. Rfd1 Bf5 0-1


[Site "https://www.chess.com"]